 Dungeon Crawl Stone Soup version 0.29-a0-923-g6e406bff71 (webtiles) character file.

Game seed: 10012420690380908075

1344 Sobieck the Thaumaturge (level 8, -6/50 HPs)
             Began as a Djinni Fire Elementalist on July 27, 2022.
             Was an Initiate of Makhleb.
             Mangled by an ogre
             ... wielding a +0 giant club
              (21 damage)
             ... on level 6 of the Dungeon.
             The game lasted 00:08:38 (5326 turns).

Sobieck the Thaumaturge (Djinni Fire Elementalist)  Turns: 5326, Time: 00:08:38

Health: -6/50      AC:  4    Str:  7    XL:     8   Next: 93%
Gold:   238        EV: 13    Int: 19    God:    Makhleb [......] SH:  0 Dex: 20

rFire   + + .      SeeInvis .   n - +2 dagger (venom) {short}
rCold   x . .      Faith    .   (no shield)
rNeg    . . .      Spirit   .   a - +0 robe
rPois   ∞          Reflect  .   (no helmet)
rElec   .          Harm     .   s - +1 cloak
rCorr   .          Rampage  .   (no gloves)
Will    +....                   (boots unavailable)
Stlth   ++........              I - amulet of regeneration {@e2}
HPRegen 0.96/turn               w - +6 ring of dexterity
MPRegen 0.00/turn               O - ring of willpower

@: flying
A: sickness immunity, fire resistance 2, cold vulnerability 1, float, innate
caster, HP casting, extra vitality 1
a: Renounce Religion


You were on level 6 of the Dungeon.
You worshipped Makhleb.
Makhleb was noncommittal.
You visited 2 branches of the dungeon, and saw 7 of its levels.

You collected 238 gold pieces.


Innate Abilities, Weirdness & Mutations

You are immune to sickness and miasma.
You are immune to poison.
Your flesh is very heat resistant. (rF++)
You are vulnerable to cold. (rC-)
You float through the air rather than walking.
You learn spells naturally, not from books.
Your magical power is your life essence.
You have superior vitality. (+4 MHP)


   Skills:
 - Level 2.1 Dodging
 - Level 1.5 Stealth
 + Level 8.3 Spellcasting


You had 4 spell levels left.
You knew the following spells:

 Your Spells              Type           Power      Damage    Failure   Level
a - Foxfire               Conj/Fire      100%       2x1d9     1%          1
b - Scorch                Fire           78%        2d9       1%          2
c - Conjure Flame         Conj/Fire      39%        6-21      1%          3
d - Inner Flame           Hex/Fire       39%        N/A       1%          3
e - Flame Wave            Conj/Fire      39%        2d11      3%          4
f - Magic Dart            Conj           100%       1d8       1%          1
g - Passwall              Tmut/Erth      32%        N/A       1%          2
h - Frozen Ramparts       Ice            78%        1d9       1%          3
Your spell library was empty.

Inventory:

Hand Weapons
 b - a +0 short sword {short}
   (You found it on level 1 of the Dungeon)
 n - a +2 dagger of venom (weapon) {short}
   (You took it off an orc wizard on level 2 of the Dungeon)
Missiles
 d - 45 stones {throwing}
 i - 5 silver boomerangs {throwing}
 q - 4 javelins {throwing}
 r - 2 silver javelins {throwing}
 A - 2 boomerangs {throwing}
Armour
 a - a +0 robe (worn)
 h - a +0 ring mail
   (You took it off an orc on level 5 of the Dungeon)
 m - a +0 robe
   (You found it on level 2 of the Dungeon)
 o - a +0 robe
   (You took it off an orc wizard on level 2 of the Dungeon)
 s - a +1 cloak (worn)
   (You found it on level 3 of the Dungeon)
 u - a +0 leather armour
   (You took it off an orc on level 4 of the Dungeon)
 v - a +0 scale mail
   (You found it on level 3 of the Dungeon)
 B - a +0 ring mail
   (You took it off an orc on level 4 of the Dungeon)
 C - a +2 leather armour of cold resistance
   (You took it off an orc priest on level 4 of the Dungeon)
 E - a +0 ring mail
   (You took it off an orc on level 4 of the Dungeon)
 F - a +0 robe
   (You took it off an orc wizard on level 4 of the Dungeon)
 G - a +0 robe
   (You took it off an orc wizard on level 4 of the Dungeon)
 J - a +0 robe
   (You took it off an orc wizard on level 5 of the Dungeon)
 K - a +0 leather armour
   (You took it off an orc on level 5 of the Dungeon)
 M - a +0 robe
   (You found it on level 5 of the Dungeon)
 N - a +0 chain mail
   (You found it on level 5 of the Dungeon)
 Q - a +0 ring mail
   (You took it off an orc on level 5 of the Dungeon)
 R - a +0 chain mail
   (You found it on level 5 of the Dungeon)
Magical Staves
 l - a staff of poison {!astaff}
   (You found it on level 1 of the Dungeon)
Jewellery
 w - a +6 ring of dexterity (left hand)
   (You took it off an orc on level 4 of the Dungeon)
 I - an amulet of regeneration (around neck) {@e2}
   (You found it on level 4 of the Dungeon)
 O - a ring of willpower (right hand)
   (You found it on level 5 of the Dungeon)
Wands
 S - a wand of flame (11)
   (You found it on level 5 of the Dungeon)
Scrolls
 c - 4 scrolls of teleportation {@r4}
 t - a scroll of magic mapping {!r}
 y - a scroll of torment {unknown}
 P - a scroll of immolation {!r!r}
Potions
 e - a potion of magic
 f - 2 potions of curing {@q1}
 g - a potion of attraction {unknown}
 j - a potion of might
 k - a potion of haste {unknown}
 p - 3 potions of mutation {!q}
 x - a potion of cancellation
 z - a potion of resistance
 D - a potion of lignification {unknown}
 H - a potion of brilliance {unknown}
 L - 2 potions of flight {unknown}
 T - a potion of invisibility {unknown}

Dungeon Overview and Level Annotations

Branches:
Dungeon (6/15) Zot: 26947  Temple (1/1) D:5 Zot: 5955

Altars:
Ashenzari
Cheibriados
Dithmenos
Elyvilon
Fedhas
Gozag
Hepliaklqana
Makhleb
Nemelex Xobeh
Okawaru
Qazlal
Ru
Trog
Uskayaw
Wu Jian
Yredelemnul
Zin
The Shining One

Annotations:
Temple 2 transporters

....... ..
..... . ..... .
..!. .# # #
#.)##)##.#
..#.##.).(.....
......()O......
#.o.)@.#
#.##)#.# ...
... ..... .....
##.##. ...#.#
#. #h ...# # #
#. ...# #. ####


You could see an ogre, a hound and an orc.


Message History

The flame wave engulfs the kobold!
You kill the kobold!
Makhleb accepts your kill.
The flame wave engulfs the kobold!
You kill the kobold!
Makhleb accepts your kill.
* * * LOW HITPOINT WARNING * * *
You finish channelling waves of flame.
You hear a shout!
An orc warrior comes into view.
It is wielding a +2 short sword of holy wrath.
Casting: Flame Wave (dangerous; 3% risk of failure)
Confirm with . or Enter, or press ? or * to list all spells.
Casting: Flame Wave (dangerous; 3% risk of failure)
Press: ? - help, Dir - look around, f - activate A wave of flame ripples out!
The flame wave engulfs the orc priest!
You kill the orc priest!
Makhleb accepts your kill. (Press . to intensify the flame waves.)
* * * LOW HITPOINT WARNING * * *
You hear a bark!
You fly upwards.
There is a stone staircase leading down here.
Unknown command.
Unknown command.
You start resting.
You fly downwards.
An orc comes into view. It is wielding a +0 mace.
The kobold closely misses you. The ice beast barely misses you.
There is a stone staircase leading up here.
Danger!
Unknown command.
Casting: Flame Wave (dangerous; 3% risk of failure)
Confirm with . or Enter, or press ? or * to list all spells.
Casting: Flame Wave (dangerous; 3% risk of failure)
Press: ? - help, Dir - look around, f - activate A wave of flame ripples out!
The flame wave engulfs the ice beast!
The ice beast melts!
The flame wave engulfs the orc priest.
The flame wave engulfs the kobold!
You kill the kobold!
Makhleb accepts your kill. (Press . to intensify the flame waves.)
The ice beast hits you. The ice beast freezes you!!
You feel a terrible chill!
* * * LOW HITPOINT WARNING * * *
The orc priest completely misses you.
A wave of flame ripples out!
The flame wave engulfs the ice beast!
The ice beast melts!
The flame wave engulfs the orc priest!
* * * LOW HITPOINT WARNING * * *
An ogre comes into view. It is wielding a +0 giant club.
The ice beast hits you but does no damage.
The orc priest misses you.
An orc comes into view. It is wielding a +0 club.
Unknown command.
A wave of flame ripples out!
The flame wave engulfs the ice beast!!
The ice beast melts!
You kill the ice beast!
Makhleb accepts your kill.
The flame wave engulfs the orc priest!
You kill the orc priest!
Makhleb accepts your kill.
The flame wave engulfs the orc warrior but does no damage.
The flame wave engulfs the orc!
You kill the orc!
Makhleb accepts your kill.
* * * LOW HITPOINT WARNING * * *
You finish channelling waves of flame.
Casting: Flame Wave (dangerous; 3% risk of failure)
Confirm with . or Enter, or press ? or * to list all spells.
Casting: Flame Wave (dangerous; 3% risk of failure)
Press: ? - help, Dir - look around, f - activate A wave of flame ripples out!
The flame wave engulfs the orc warrior but does no damage. (Press . to intensify the flame waves.)
* * * LOW HITPOINT WARNING * * *
The orc warrior closely misses you.
Unknown command.
A wave of flame ripples out!
The flame wave engulfs the orc warrior.
* * * LOW HITPOINT WARNING * * *
The orc warrior hits you with a +2 short sword of holy wrath.
* * * LOW HITPOINT WARNING * * *
A wave of flame ripples out!
The flame wave engulfs the orc warrior!!
The flame wave engulfs the ogre!!
* * * LOW HITPOINT WARNING * * *
You finish channelling waves of flame.
A hound comes into view.
The orc warrior barely misses you.
Casting: Flame Wave (dangerous; 3% risk of failure)
Confirm with . or Enter, or press ? or * to list all spells.
Casting: Flame Wave (dangerous; 3% risk of failure)
Press: ? - help, Dir - look around, f - activate A wave of flame ripples out!
The flame wave engulfs the orc warrior!
You kill the orc warrior!
Makhleb accepts your kill.
The flame wave engulfs the ogre. (Press . to intensify the flame waves.)
The hound barks!
* * * LOW HITPOINT WARNING * * *
The ogre hits you with a +0 giant club!!
You die...

Skill      XL: |  1  2  3  4  5  6  7  8 |
---------------+-------------------------+-----
Spellcasting   | 3 4 5 6 8 |  8.3
Dodging        | |  2.1
Stealth        | |  1.5

Action                   |  1- 3 |  4- 6 |  7- 9 || total
-------------------------+-------+-------+-------++-------
 Cast: Foxfire           |    46 |   148 |    87 ||   281
       Scorch            |       |       |     2 ||     2
       Flame Wave        |       |       |     8 ||     8
  Use: Scroll            |       |    10 |     5 ||    15
Armor: Robe              |     3 |     5 |     4 ||    12
Dodge: Dodged            |     6 |    12 |    17 ||    35

Levels and vault maps discovered:
D:1:      heliophobic_arrival_battle_scene, layout_basic,
          corexii_leaking_fountain, feat_on_display
D:2:      layout_basic, minmay_tromino_v4_c
D:3:      layout_rooms, dilly_ecumenical_altar_fadedgnrine
D:4:      layout_layer_cave, mainiacjoe_overflow_big_doors,
          mainiacjoe_overflow_brackets, uniq_menkaure
D:5:      layout_loops_cross, nicolae_overflow_hidden_temple,
          minmay_temple_entry_glass
D:6:      layout_basic, water_boxes_lemuel, uniq_grinder
Temple:   hellmonk_temple_divided_pantheon

Notes
Turn   | Place    | Note
-------+----------+-------------------------------------------
     0 | D:1      | Sobieck the Djinni Fire Elementalist began the quest for
                  | the Orb.
     0 | D:1      | Sobieck set off with the following spells memorised:
                  | Foxfire, Scorch, Conjure Flame, Inner Flame, Flame Wave.
     0 | D:1      | Reached XP level 1. HP: 15/15 MP: 0/0
   387 | D:1      | Reached XP level 2. HP: 18/21 MP: 0/0
   619 | D:1      | Reached skill level 3 in Spellcasting
   701 | D:1      | Got the Reference Book on Dynamic Metal
  1043 | D:2      | Reached XP level 3. HP: 22/25 MP: 0/0
  1043 | D:2      | Learned a level 1 spell: Magic Dart
  1113 | D:2      | Reached XP level 4. HP: 16/31 MP: 0/0
  1632 | D:2      | Reached skill level 4 in Spellcasting
  1638 | D:2      | Reached XP level 5. HP: 26/35 MP: 0/0
  1638 | D:2      | Learned a level 2 spell: Passwall
  3005 | D:3      | Found a faded altar of an unknown god.
  3149 | D:4      | Reached XP level 6. HP: 37/40 MP: 0/0
  3180 | D:4      | Found a hide-covered altar of Uskayaw.
  3188 | D:4      | Found a basalt altar of Yredelemnul.
  3194 | D:4      | Reached skill level 5 in Spellcasting
  3278 | D:4      | Noticed a black bear
  3567 | D:4      | Killed a black bear
  3568 | D:4      | Reached XP level 7. HP: 40/45 MP: 0/0
  3568 | D:4      | Learned a level 3 spell: Frozen Ramparts
  3671 | D:4      | Found a white marble altar of Elyvilon.
  3812 | D:4      | Reached skill level 6 in Spellcasting
  4181 | D:4      | Noticed Menkaure
  4188 | D:4      | Killed Menkaure
  4231 | D:4      | Reached XP level 8. HP: 38/50 MP: 0/0
  4425 | D:5      | Entered Level 5 of the Dungeon
  4482 | D:5      | Reached skill level 7 in Spellcasting
  4595 | D:5      | Found a staircase to the Ecumenical Temple.
  4613 | Temple   | Entered the Ecumenical Temple
  4613 | Temple   | Found a transporter.
  4613 | Temple   | Found a transporter.
  4615 | Temple   | Found a transporter.
  4615 | Temple   | Found a transporter.
  4640 | Temple   | Became a worshipper of Makhleb the Destroyer
  5218 | D:5      | Found a sparkling altar of Nemelex Xobeh.
  5284 | D:6      | Reached skill level 8 in Spellcasting
  5326 | D:6      | Mangled by an ogre

Vanquished Creatures
  Menkaure (D:4)
  A water moccasin (D:6)
  An orc warrior (D:6)
  2 ice beasts
  2 black bears (D:4)
  An ogre (D:5)
  A kobold brigand (D:6)
  A scorpion (D:5)
  A howler monkey (D:4)
  A hound (D:4)
  5 orc priests
  An iguana (D:4)
  4 orc wizards
  4 gnolls (D:2)
  3 adders
  A shadow imp (D:5)
  2 worms
  4 dart slugs
  19 orcs
  10 ball pythons
  5 endoplasms
  2 giant cockroaches (D:2)
  6 goblins
  6 hobgoblins
  8 jackals
  4 quokkas
  5 bats
  2 frilled lizards
  11 kobolds
  6 rats
120 creatures vanquished.

Vanquished Creatures (others)
  491 foxfires
491 creatures vanquished.

Grand Total: 611 creatures vanquished

Table legend:
 A = Non-vault XP
 B = Vault XP
 C = Vault XP percentage of total XP
 D = Non-vault monster count
 E = Vault monster count
 F = Vault count percentage of total count
                 A         B        C        D         E       F
            +---------+---------+-------+---------+---------+-------
      Total |    1882 |     174 |   8.5 |     118 |       2 |   1.7
            +---------+---------+-------+---------+---------+-------
        D:1 |      28 |       0 |   0.0 |      18 |       0 |   0.0
        D:2 |     149 |       2 |   1.3 |      26 |       1 |   3.7
        D:3 |      55 |       0 |   0.0 |      22 |       0 |   0.0
        D:4 |     640 |     172 |  21.2 |      28 |       1 |   3.4
        D:5 |     395 |       0 |   0.0 |      11 |       0 |   0.0
        D:6 |     615 |       0 |   0.0 |      13 |       0 |   0.0
            +---------+---------+-------+---------+---------+-------

Illustrated notes

Table legend:
 A = Kills in this place as a percentage of kills in entire the game.
 B = Kills by you in this place as a percentage of kills by you in the entire game.
 C = Kills by friends in this place as a percentage of kills by friends in the entire game.
 D = Other kills in this place as a percentage of other kills in the entire game.
 E = Experience gained in this place as a percentage of experience gained in the entire game.
 F = Experience gained in this place divided by the number of levels of this place that you have seen.
                   A       B       C       D       E      F
               +-------+-------+-------+-------+-------+----------------------
         Total | 100.0 | 100.0 |   N/A |   N/A | 100.0 | 293.7
       Dungeon | 100.0 | 100.0 |   N/A |   N/A | 100.0 | 342.7
               +-------+-------+-------+-------+-------+----------------------

Table legend: (Time is in decaauts)
 A = Elapsed time spent in this place.
 B = Non-inter-level travel time spent in this place.
 C = Inter-level travel time spent in this place.
 D = Time resting spent in this place.
 E = Time spent auto-exploring this place.
 F = Levels seen in this place.
 G = Mean time per level.
                   A        B        C        D        E       F      G
               +--------+--------+--------+--------+--------+-----+--------+
         Total |   5325 |   5104 |    221 |    476 |   3941 |   7 |  760.7 |
       Dungeon |   5280 |   5059 |    221 |    476 |   3938 |   6 |  880.0 |
        Temple |     44 |     44 |      0 |      0 |      3 |   1 |   44.0 |
               +--------+--------+--------+--------+--------+-----+--------+

Top non-repeatable levels by time:
     D:4: 1392 daAuts
     D:2: 1188 daAuts
     D:1: 1030 daAuts
     D:3: 841 daAuts
     D:5: 807 daAuts
  Temple: 44 daAuts
     D:6: 20 daAuts
